 Dungeon Crawl Stone Soup version 0.30-a0-140-gd1020e658a (webtiles) character file.

Game seed: 4334526833305116083

173 Decritt the Shooter (level 5, -6/27 HPs)
             Began as a Spriggan Hunter on Sept 24, 2022.
             Mangled by a gnoll
             ... wielding a +0 halberd
             ... led by a gnoll bouda
              (16 damage)
             ... on level 4 of the Dungeon.
             The game lasted 00:03:29 (2926 turns).

Decritt the Shooter (Spriggan Hunter)               Turns: 2926, Time: 00:03:30

Health: -6/27      AC:  2    Str:  7    XL:     5   Next: 28%
Magic:  6/6        EV: 20    Int: 10    God:
Gold:   52         SH:  5    Dex: 21    Spells: 4/4 levels left

rFire   . . .      SeeInvis +    a - +0 shortbow
rCold   . . .      Faith    .    (shield currently unavailable)
rNeg    . . .      Spirit   .    c - +0 robe
rPois   .          Reflect  +    (helmet restricted)
rElec   .          Harm     .    (no cloak)
rCorr   .          Rampage  .    (gloves unavailable)
Will    .....                    (boots unavailable)
Stlth   +++.......               s - amulet of reflection
HPRegen 0.09/turn                (no ring)
MPRegen 0.10/turn                (no ring)

@: weakened, very quick
A: very small, no large weapons, unfitting armour, see invisible, speed 3
a: no special abilities


You were on level 4 of the Dungeon.
You visited 1 branch of the dungeon, and saw 4 of its levels.

You collected 52 gold pieces.

Inventory:

Hand Weapons
 a - a +0 shortbow (weapon)
Armour
 c - a +0 robe (worn)
Jewellery
 s - an amulet of reflection (around neck)
Wands
 t - a wand of polymorph (13)
Scrolls
 b - a scroll of immolation
 d - 8 scrolls of identify {unknown}
 f - 2 scrolls of magic mapping {unknown}
 i - 2 scrolls of fear {unknown}
 j - a scroll of brand weapon {unknown}
 m - a scroll of vulnerability {unknown}
 n - 3 scrolls of poison {unknown}
 o - a scroll of blinking {unknown}
Potions
 e - a potion of mutation {unknown}
 g - a potion of flight {unknown}
 h - a potion of attraction {unknown}
 k - a potion of haste {unknown}
 l - a potion of invisibility {unknown}
 p - a potion of ambrosia {unknown}
 q - 2 potions of brilliance {unknown}
 r - a potion of curing {unknown}


   Skills:
 * Level 2.7 Fighting
 * Level 4.9 Ranged Weapons
 * Level 4.4 Dodging
 + Level 3.2 Stealth


You had 4 spell levels left.
You didn't know any spells.
Your spell library contained the following spells:

 Spells                   Type           Power      Damage    Failure   Level
 Shock                    Conj/Air       0%         1d3       36%         1
 Static Discharge         Conj/Air       0%         2-2/arc   50%         2
 Swiftness                Air            0%         N/A       75%         3
 Airstrike                Air            0%         2d(0-16)  98%         4
 Arcjolt                  Conj/Air       0%         1d10      100%        5
 Lightning Bolt           Conj/Air       0%         1d11      100%        5
 Maxwell's Capacitive Co  Air            0%         ∞         100%        8


Dungeon Overview and Level Annotations

Branches:
Dungeon (4/15)
 Temple: D:4-7

Altars:
Nemelex Xobeh

Shops:
D:1 *


Innate Abilities, Weirdness & Mutations

You are very small and have problems with some larger weapons.
You are too small for most types of armour.
You have supernaturally acute eyesight. (SInv)
You cover ground extremely quickly. (Speed+++)


Message History

You kill the gnoll!
The gnoll is no longer moving quickly.
The gnoll bouda gazes fiercely through you!
You feel your attacks grow feeble.
You see here a +0 mace.
You shoot an arrow. The arrow hits the gnoll.
The gnoll is moderately wounded.
The gnoll bouda barks out a call to the hunt!
The gnoll picks up the pace!
The gnoll hits you with a +0 whip.
There is a stone staircase leading up here.
You shoot an arrow. The arrow hits the gnoll!
The gnoll is almost dead.
You shoot an arrow. The arrow barely misses the gnoll.
Your attacks no longer feel as feeble.
You block the gnoll's attack. The gnoll completely misses you.
You shoot an arrow. The arrow hits the gnoll!
You kill the gnoll!
You shoot an arrow. The arrow hits the gnoll bouda.
The gnoll bouda is lightly wounded.
The gnoll completely misses you.
You shoot an arrow. The arrow hits the gnoll bouda!
The gnoll bouda is heavily wounded.
The gnoll bouda gazes fiercely through you!
You feel your attacks grow feeble. The gnoll bouda closely misses you.
The gnoll barely misses you. You block the gnoll bouda's attack.
You shoot an arrow. The arrow hits the gnoll bouda.
The gnoll bouda is severely wounded.
The gnoll closely misses you.
The gnoll bouda mumbles some strange prayers to its god.
The gnoll bouda is healed somewhat.
You shoot an arrow.
The arrow closely misses the gnoll bouda.
The gnoll is no longer moving quickly.
The gnoll completely misses you.
The gnoll bouda hits you with a +0 club!
* * * LOW HITPOINT WARNING * * *
The gnoll hits you from afar with a +0 halberd!
Ouch! That really hurt!
You die...

##..###
#..##
###.##
#.).#
####)###
###..g)#
#.g)####
#.##g###
#...@#
######


You could see a gnoll bouda and a gnoll.

Vanquished Creatures
  A scorpion (D:3)
  4 gnolls
  2 adders
  A worm (D:2)
  4 orcs (D:3)
  5 ball pythons
  5 bats
  5 endoplasms
  3 giant cockroaches
  6 goblins
  2 hobgoblins (D:2)
  2 jackals (D:2)
  6 kobolds
  A quokka (D:3)
  2 frilled lizards
  5 rats
54 creatures vanquished.

Notes
Turn   | Place    | Note
-------+----------+-------------------------------------------
     0 | D:1      | Decritt the Spriggan Hunter began the quest for the Orb.
     0 | D:1      | Reached XP level 1. HP: 10/10 MP: 2/2
   367 | D:1      | Reached XP level 2. HP: 15/15 MP: 3/3
   396 | D:1      | Found Haled's Assorted Antiques.
  1042 | D:2      | Found a sparkling altar of Nemelex Xobeh.
  1048 | D:2      | Reached XP level 3. HP: 18/18 MP: 4/4
  2128 | D:3      | Reached XP level 4. HP: 23/23 MP: 5/5
  2461 | D:4      | Noticed a scorpion
  2497 | D:3      | Killed a scorpion
  2503 | D:3      | Reached XP level 5. HP: 21/27 MP: 6/6
  2926 | D:4      | Mangled by a gnoll

Illustrated notes

Levels and vault maps discovered:
D:1:      dpeg_arrival_chambers_temple_mockup, layout_loops_ring, serial_shops,
          nicolae_shop_overgrown_old_shop
D:2:      layout_basic, basic_altar, kennysheep_generic_room_16
D:3:      layout_rooms, minmay_misc_feat_square
D:4:      layout_rooms, minivault_5

Skill      XL: |  1  2  3  4 |
---------------+-------------+-----
Dodging        | 3 4 |  4.4
Stealth        | 2 3 |  3.2
Fighting       | 2 |  2.7
Ranged Weapons | |  4.9

Action                   |  1- 3 |  4- 6 || total
-------------------------+-------+-------++-------
 Fire: Shortbow          |   109 |    45 ||   154
Armor: Robe              |     1 |       ||     1
Dodge: Dodged            |    41 |    20 ||    61
Block: Other             |       |     5 ||     5

Table legend: (Time is in decaauts)
 A = Elapsed time spent in this place.
 B = Non-inter-level travel time spent in this place.
 C = Inter-level travel time spent in this place.
 D = Time resting spent in this place.
 E = Time spent auto-exploring this place.
 F = Levels seen in this place.
 G = Mean time per level.
                   A        B        C        D        E       F      G
               +--------+--------+--------+--------+--------+-----+--------+
         Total |   2269 |   2178 |     91 |    643 |   1203 |   4 |  567.2 |
       Dungeon |   2269 |   2178 |     91 |    643 |   1203 |   4 |  567.2 |
               +--------+--------+--------+--------+--------+-----+--------+

Top non-repeatable levels by time:
     D:3: 964 daAuts
     D:2: 714 daAuts
     D:1: 538 daAuts
     D:4: 51 daAuts
